 Dungeon Crawl Stone Soup version 0.29-a0-1052-g6990b1bffc (webtiles) character file.

Game seed: 2465709280378539824

205049 flotson the Fighter (level 18, -3/127 HPs)
             Began as a Demonspawn Delver on Aug 17, 2022.
             Was the Champion of Hepliaklqana.
             Hit by a silver javelin thrown by a merfolk javelineer (9 damage)
             ... on level 4 of the Shoals.
             The game lasted 01:18:30 (39249 turns).

flotson the Fighter (Demonspawn Delver)            Turns: 39249, Time: 01:18:32

Health: -3/127     AC: 27    Str: 31    XL:     18   Next: 3%
Magic:  24/24      EV: 16    Int: 11    God:    Hepliaklqana [******]
Gold:   3081       SH: 23    Dex: 19    Spells: 17/17 levels left

rFire   + . .      SeeInvis .   a - +9 broad axe (spect)
rCold   + + .      Faith    .   s - +0 tower shield {rF+}
rNeg    . . .      Spirit   .   I - +4 ring mail "Xifuemid" {+Blink Will+ Str-2 Int+3}
rPois   .          Reflect  +   G - +2 helmet "Joosm" {Regen+ Slay+2}
rElec   .          Harm     .   t - +2 cloak {rC+}
rCorr   .          Rampage  .   m - +0 pair of gloves
Will    ++...                   C - -1 pair of boots "Sejeumec" {Drain rF+ Str+4 Dex+4}
Stlth   +.........              f - amulet of reflection
HPRegen 1.11/turn               u - +4 ring of protection
MPRegen 0.19/turn               k - ring of Democracy {Ice Str+9 Int-4 Slay+4}

@: mighty, about to teleport, mesmerised, very slow
A: reduced essence, icy blue scales 2, ignite blood 2, powered by pain 2,
demonic touch 2
}: 1/15 runes: gossamer
a: Renounce Religion, Evoke Blink, Recall Ancestor, Ancestor Identity,
Transference, Idealise


You were on level 4 of the Shoals.
You worshipped Hepliaklqana.
Hepliaklqana was exalted by your worship.
You visited 7 branches of the dungeon, and saw 32 of its levels.
You also visited: Sewer, Gauntlet, Ice Cave and Volcano.

You collected 3398 gold pieces.
You spent 317 gold pieces at shops.

Inventory:

Hand Weapons
 a - a +9 spectral broad axe (weapon)
 H - a +4 demon trident of electrocution
Missiles
 p - 3 silver javelins
 y - 4 curare-tipped darts
 O - 11 javelins (quivered)
 P - 5 boomerangs of dispersal
 Q - 7 throwing nets
 U - 7 atropa-tipped darts
 Y - 4 datura-tipped darts
Armour
 d - a scarf of invisibility
 m - a +0 pair of gloves (worn)
 s - a +0 tower shield of fire resistance (worn)
 t - a +2 cloak of cold resistance (worn)
 C - the -1 pair of boots "Sejeumec" (worn) {Drain rF+ Str+4 Dex+4}
   (You found it on level 4 of the Dungeon)

   Str:       It affects your strength (+4).
   Dex:       It affects your dexterity (+4).
   rF:        It protects you from fire.
   Drain:     It drains your maximum health when unequipped.
 G - the +2 helmet "Joosm" (worn) {Regen+ Slay+2}
   (You found it in a Gauntlet)

   Slay:      It affects your accuracy & damage with ranged weapons and melee
   (+2).
   Regen:     It increases your rate of health regeneration.
 I - the +4 ring mail "Xifuemid" (worn) {+Blink Will+ Str-2 Int+3}
   (You found it on level 5 of the Dungeon)

   Str:       It affects your strength (-2).
   Int:       It affects your intelligence (+3).
   +Blink:    It lets you blink.
   Will:      It increases your willpower.
Jewellery
 f - an amulet of reflection (around neck)
 k - the ring of Democracy (right hand) {Ice Str+9 Int-4 Slay+4}
   (You found it on level 6 of the Dungeon)

   [ring of ice]

   It enhances your ice magic.
   Str:       It affects your strength (+9).
   Int:       It affects your intelligence (-4).
   Slay:      It affects your accuracy & damage with ranged weapons and melee
   (+4).
   rF:        It makes you vulnerable to fire.
   rC:        It protects you from cold.
 u - a +4 ring of protection (left hand)
 x - an amulet of guardian spirit
 K - a ring of see invisible
Wands
 g - a wand of digging (13)
 T - a wand of iceblast (15)
 V - a wand of polymorph (6)
 W - a wand of paralysis (11)
Scrolls
 b - 2 scrolls of silence
 c - a scroll of fog
 l - 7 scrolls of teleportation
 v - 6 scrolls of poison
 w - 6 scrolls of immolation
 A - 6 scrolls of butterflies
 D - 2 scrolls of torment
 J - 4 scrolls of fear
 L - 7 scrolls of vulnerability
 N - 2 scrolls of magic mapping
 S - a scroll of blinking
Potions
 e - 14 potions of curing
 h - 3 potions of attraction
 i - 8 potions of lignification
 j - 4 potions of flight
 n - 3 potions of might
 o - 4 potions of resistance
 q - 2 potions of berserk rage
 r - 3 potions of haste
 z - 9 potions of heal wounds
 B - 4 potions of invisibility
 F - 6 potions of ambrosia
 R - 3 potions of mutation
 X - 4 potions of cancellation
Miscellaneous
 E - a condenser vane
 M - a box of beasts
 Z - a piece from Xom's chessboard (15/15)


   Skills:
 + Level 12.9 Fighting
 * Level 12.9 Axes
 + Level 11.4 Throwing
 + Level 11.4 Armour
 + Level 11.7 Dodging
 - Level 4.5 Stealth
 + Level 12.0 Shields
 - Level 8.0 Invocations
 + Level 12.5 Evocations


You had 17 spell levels left.
You didn't know any spells.
Your spell library contained the following spells:

 Spells                   Type           Power      Damage    Failure   Level
 Apportation              Tloc           0%         N/A       93%         1
 Foxfire                  Conj/Fire      0%         2x1d4     93%         1
 Magic Dart               Conj           0%         1d3       93%         1
 Slow                     Hex            0%         N/A       93%         1
 Sting                    Tmut/Pois      0%         1d3       93%         1
 Blink                    Tloc           0%         N/A       98%         2
 Call Imp                 Summ           0%         N/A       98%         2
 Ensorcelled Hibernation  Hex/Ice        0%         N/A       98%         2
 Passwall                 Tmut/Erth      0%         N/A       98%         2
 Poisonous Vapours        Pois/Air       0%         N/A       98%         2
 Static Discharge         Conj/Air       0%         3-3/arc   98%         2
 Confusing Touch          Hex            0%         N/A       100%        3
 Conjure Flame            Conj/Fire      0%         6-21      100%        3
 Gell's Gravitas          Tloc           0%         N/A       100%        3
 Ignite Poison            Fire/Tmut/Pois 0%         N/A       100%        3
 Inner Flame              Hex/Fire       0%         N/A       100%        3
 Lesser Beckoning         Tloc           0%         N/A       100%        3
 Mephitic Cloud           Conj/Pois/Air  0%         N/A       100%        3
 Ozocubu's Armour         Ice            0%         N/A       100%        3
 Swiftness                Air            0%         N/A       100%        3
 Teleport Other           Tloc           0%         N/A       100%        3
 Vampiric Draining        Necr           0%         2d6       100%        3
 Corpse Rot               Necr/Pois/Air  0%         N/A       100%        4
 Dispel Undead            Necr           0%         3d6       100%        4
 Flame Wave               Conj/Fire      0%         2d4       100%        4
 Olgreb's Toxic Radiance  Pois           0%         N/A       100%        4
 Petrify                  Tmut/Erth      0%         N/A       100%        4
 Sticky Flame             Conj/Fire      0%         2d3       100%        4
 Alistair's Intoxication  Tmut/Pois      0%         N/A       100%        5
 Borgnjor's Vile Clutch   Necr/Erth      0%         N/A       100%        5
 Fireball                 Conj/Fire      0%         3d3       100%        5
 Freezing Cloud           Conj/Ice/Air   0%         6-21      100%        5
 Iskenderun's Battlesphe  Conj           0%         2d6       100%        5
 Lightning Bolt           Conj/Air       0%         1d11      100%        5
 Manifold Assault         Tloc           0%         N/A       100%        5
 Metabolic Englaciation   Hex/Ice        0%         N/A       100%        5
 Conjure Ball Lightning   Conj/Air       0%         3x3d6     100%        6
 Dispersal                Tloc           0%         N/A       100%        6
 Eringya's Noxious Bog    Tmut/Pois      0%         N/A       100%        6
 Simulacrum               Ice/Necr       0%         N/A       100%        6
 Statue Form              Tmut/Erth      0%         N/A       100%        6
 Orb of Destruction       Conj           0%         9d5       100%        7
 Maxwell's Capacitive Co  Air            0%         ∞         100%        8


Dungeon Overview and Level Annotations

Branches:
Dungeon (15/15)            Temple (1/1) D:6            Lair (5/5) D:11
 Shoals (4/4) Lair:2       Spider (4/4) Lair:2        Slime (0/5) Lair:4
    Orc (2/2) D:9             Elf (1/3) Orc:2        Vaults (0/5) D:14
 Depths (0/4) D:15          Sewer (visited)           IceCv (visited)
Volcano (visited)         Gauntlet (visited)

Altars:
Ashenzari
Cheibriados
Dithmenos
Gozag
Hepliaklqana
Kikubaaqudgha
Makhleb
Nemelex Xobeh
Okawaru
Qazlal
Sif Muna
Trog
Uskayaw
Vehumet
Wu Jian
Xom

Shops:
Orc:2 *[!=   Shoals:4 **

Portals:
Hell: Lair:5
Trove: D:11 (give +5 demon blade)

Annotations:
Shoals:3 Ilsuiw


Innate Abilities, Weirdness & Mutations

Your life essence is reduced to manifest your ancestor. (-10% HP)
You are mostly covered in icy blue scales. (AC +3)
Your demonic aura often causes spilled blood to erupt in flames.
You sometimes gain power by taking damage.
Your touch may inflict irresistible damage on your foes.


Message History

You feel very mighty all of a sudden. The silver sears you!
You block the merfolk impaler's attack.
Your unstable footing causes you to fumble your attack.
The merfolk siren chants its luring song.
The merfolk impaler completely misses you.
The merfolk javelineer throws a silver javelin.
The silver javelin closely misses you. You block the merfolk impaler's attack.
Unknown command.
Your unstable footing causes you to fumble your attack.
The merfolk siren chants its luring song.
The merfolk impaler closely misses you.
The merfolk javelineer throws a silver javelin.
The silver javelin pierces through you!
* * * LOW HITPOINT WARNING * * *
The silver sears you!
* * * LOW HITPOINT WARNING * * *
The merfolk siren chants its luring song.
You block the merfolk impaler's attack.
As you read the scroll of teleportation, it crumbles to dust.
You feel strangely unstable.
The merfolk javelineer throws a silver javelin.
The silver javelin barely misses you. You block the merfolk impaler's attack.
The merfolk siren chants its luring song.
The merfolk impaler misses you.
Unknown command.
You cannot move away from the merfolk siren!
Your unstable footing causes you to fumble your attack.
The merfolk javelineer throws a silver javelin.
The silver javelin pierces through you.
* * * LOW HITPOINT WARNING * * *
The silver sears you!
* * * LOW HITPOINT WARNING * * *
The merfolk impaler hits you with a +1 trident of protection.
* * * LOW HITPOINT WARNING * * *
The merfolk siren chants its luring song.
The merfolk javelineer throws a silver javelin.
The silver javelin pierces through you!!
* * * LOW HITPOINT WARNING * * *
The silver sears you!
You die...

...~~~~≈≈≈≈≈≈
..~~~~~≈≈≈≈≈≈≈≈≈≈≈≈≈≈≈≈≈
)~~~~~~≈≈≈≈≈≈≈≈≈≈≈≈≈≈≈≈≈
.)~~~~~~≈≈≈≈≈≈≈≈≈≈≈≈≈≈≈≈
)~#####~~≈≈≈≈≈≈≈≈≈≈≈≈≈≈≈
~~#⌠∩⌠#~≈≈≈≈≈≈≈≈≈≈≈≈≈≈≈≈
.~.....~~~~~≈≈≈≈≈≈≈≈≈≈≈≈
~~~..)..~~~~~≈≈≈mm≈≈≈≈≈≈
........~~~~~~~~@~≈m≈≈≈≈
..#⌠∩⌠#.#.~.~~~#####~≈≈≈
..#####.#.~~~~## ≈
..........~~~~#
.........~~...#
..............#
.(..[.........##
~..####.~......#####.
~~......~............


You could see a merfolk impaler, a merfolk javelineer and a merfolk siren
(mesmerising, reflecting).

Vanquished Creatures
  Bai Suzhen (Spider:4)
  Asterion (Spider:4)
  4 emperor scorpions (Spider:4)
  7 ghost moths
  A reaper (IceCv)
  2 broodmothers
  Nessos (D:14)
  A dire elephant (Lair:5)
  An entropy weaver (Spider:4)
  2 spark wasps
  A red draconian (Volcano)
  A minotaur (Gauntlet)
  An ettin (D:15)
  2 merfolk impalers
  Harold (Lair:2)
  An ogre mage (D:15)
  An alligator snapping turtle (Shoals:3)
  11 hydras
  3 merfolk avatars
  3 radroaches
  3 centaur warriors (D:14)
  4 boulder beetles
  14 two-headed ogres
  A death knight (D:15)
  6 dancing weapons (Spider:1)
  2 jorogumos
  A satyr (Shoals:2)
  2 tengu warriors (D:15)
  A death yak (Lair:5)
  3 orc high priests (Orc:2)
  9 skeletal warriors
  3 pharaoh ants
  4 sea snakes
  A deep troll (D:15)
  6 orb spiders
  2 sun moths
  3 steelbarb worms
  2 deep elf pyromancers
  A phantasmal warrior (D:15)
  6 orc knights
  2 harpies (Shoals:1)
  6 orc sorcerers
  2 necromancers (D:15)
  3 ugly things (D:15)
  4 deep elf zephyrmancers
  15 wolf spiders
  7 fauns
  4 manticores
  8 elephants
  5 cyclopes
  5 black mambas
  3 merfolk sirens
  An ice statue (IceCv)
  2 torpor snails
  5 water nymphs
  2 orange demons (Lair:5)
  4 gargoyles
  The ghost of ytrimaz the Insei, a novice DsTm (D:5)
  8 cane toads
  An unseen horror (shapeshifter) (D:13)
  6 rime drakes
  4 demonic crawlers
  8 komodo dragons
  A freezing wraith (D:15)
  A hellwing (Lair:5)
  6 trolls
  An efreet (D:14)
  3 wind drakes
  2 polar bears (shapeshifter)
  10 merfolk
  2 meliai (Spider:2)
  6 hornets
  6 polar bears
  19 blink frogs
  A raiju (shapeshifter) (D:13)
  10 slime creatures
  41 tarantellas
  10 dream sheep
  3 snapping turtles (Shoals:2)
  25 jumping spiders
  2 vampires
  A shadow (D:12)
  2 water elementals
  3 wyverns
  2 dire elephant simulacra (IceCv)
  23 yaks
  18 culicivoras
  4 wraiths
  11 humans (D:14)
  A basilisk (Lair:2)
  35 redbacks
  A death yak simulacrum (IceCv)
  4 vampire mosquitoes (D:15)
  2 harpy simulacra (IceCv)
  Menkaure (D:4)
  4 wargs
  An acid dragon (D:11)
  14 water moccasins
  Duvessa (D:5)
  A hydra simulacrum (IceCv)
  4 hell hounds (Lair:5)
  A swamp drake (Orc:1)
  A black bear (D:4)
  20 orc warriors
  A black bear (shapeshifter) (D:15)
  10 wolves
  13 ogres
  3 centaurs
  A kobold brigand (D:5)
  5 bullfrogs
  2 scorpions
  2 necrophages (D:5)
  A gnoll sergeant (D:9)
  A two-headed ogre simulacrum (IceCv)
  A cane toad simulacrum (IceCv)
  A wight (D:9)
  Dowan (D:5)
  7 killer bees
  An elephant simulacrum (IceCv)
  An electric eel (Spider:4)
  6 howler monkeys
  A crimson imp (Orc:1)
  4 jellies
  9 iguanas
  20 orc priests
  6 hounds
  16 orc wizards
  8 hell rats
  3 polar bear simulacra (IceCv)
  4 spriggan simulacra (IceCv)
  7 troll simulacra (IceCv)
  7 adders
  11 gnolls
  4 naga simulacra (IceCv)
  2 shadow imps
  7 white imps
  4 ufetubi (IceCv)
  5 worms
  4 dart slugs
  74 orcs
  14 ball pythons
  16 endoplasms
  13 giant cockroaches
  3 goblins
  8 hobgoblins
  12 quokkas
  8 bats
  6 frilled lizards
  7 kobolds
  5 rats
875 creatures vanquished.

Vanquished Creatures (collateral kills)
  A broodmother (Spider:1)
  An entropy weaver (Spider:1)
  A spark wasp (Spider:4)
  A merfolk javelineer (Shoals:2)
  Josephine (Lair:4)
  A catoblepas (D:13)
  A hydra (Lair:4)
  Erolcha (D:9)
  3 merfolk avatars
  An ogre mage (Volcano)
  3 two-headed ogres
  A dancing weapon (Spider:1)
  A radroach (Spider:4)
  2 death yaks (Lair:5)
  Urug (D:13)
  A fire crab (Lair:5)
  A sixfirhy (Lair:5)
  An orb spider (Spider:3)
  A wizard (Lair:5)
  3 harpies (Shoals:1)
  3 orc knights (Orc:2)
  A deep elf pyromancer (Elf:1)
  4 wolf spiders
  2 cyclopes
  An oklob plant (Lair:3)
  A moth of wrath (Spider:1)
  3 elephants
  2 merfolk sirens
  3 manticores
  2 black mambas
  A water nymph (Shoals:1)
  A torpor snail (Spider:3)
  An orange demon (Lair:5)
  3 cane toads
  A gargoyle (D:13)
  A rime drake (D:12)
  4 komodo dragons
  An ice devil (Lair:5)
  4 merfolk
  A meliai (Spider:2)
  A troll (Orc:1)
  A red devil (Lair:5)
  A hornet (Spider:4)
  3 polar bears (Lair:3)
  4 tarantellas
  5 wind drakes
  3 slime creatures
  8 blink frogs
  A dream sheep (Shoals:3)
  2 jumping spiders
  4 wyverns
  A basilisk (D:14)
  7 yaks
  5 culicivoras
  3 wraiths
  4 redbacks
  A warg (Orc:2)
  8 water moccasins
  A hell hound (Lair:5)
  7 orc warriors
  An ogre (D:7)
  9 wolves
  A kobold brigand (D:7)
  4 bullfrogs
  2 two-headed ogre simulacra (IceCv)
  3 wights (D:9)
  2 elephant simulacra (IceCv)
  2 killer bees (D:8)
  An electric eel (Orc:2)
  A howler monkey (D:8)
  3 jellies
  3 orc priests
  An iron imp (Orc:1)
  15 orc wizards
  5 hell rats
  A polar bear simulacrum (IceCv)
  A spriggan simulacrum (IceCv)
  A wolf simulacrum (IceCv)
  2 naga simulacra (IceCv)
  A white imp (IceCv)
  2 ufetubi (IceCv)
  19 orcs
  2 endoplasms (Lair:4)
  5 kobolds (D:7)
224 creatures vanquished.

Vanquished Creatures (others)
  A redback (Spider:2)
  A human (D:10)
  2 orc priests (Orc:2)
  39 hexers
  43 fungi
  90 plants
  4 withered plants (Gauntlet)
180 creatures vanquished.

Grand Total: 1279 creatures vanquished

Notes
Turn   | Place    | Note
-------+----------+-------------------------------------------
     0 | D:5      | flotson the Demonspawn Delver began the quest for the Orb.
     0 | D:5      | Reached XP level 1. HP: 18/18 MP: 1/1
     0 | D:5      | Noticed Dowan
    24 | D:5      | Noticed an iguana
   234 | D:4      | Noticed a black bear
   246 | D:4      | Gained mutation: Your touch may inflict minor irresistible
                  | damage on your foes. [demonic ancestry]
   246 | D:4      | Reached XP level 2. HP: 22/24 MP: 2/2
   700 | D:3      | Reached skill level 1 in Evocations
   700 | D:3      | Gained mutation: You sometimes gain a little power by
                  | taking damage. [demonic ancestry]
   700 | D:3      | Reached XP level 3. HP: 29/29 MP: 3/3
  1124 | D:3      | Reached skill level 1 in Armour
  1128 | D:3      | Reached XP level 4. HP: 18/35 MP: 4/4
  1718 | D:1      | Found a faded altar of an unknown god.
  2058 | D:2      | Reached skill level 1 in Throwing
  2317 | D:1      | Reached XP level 5. HP: 17/41 MP: 5/5
  3296 | D:3      | Found a faded altar of an unknown god.
  3300 | D:3      | Found a snail-covered altar of Cheibriados.
  3488 | D:4      | Killed a black bear
  3489 | D:4      | Reached XP level 6. HP: 15/48 MP: 2/6
  3727 | D:4      | Noticed Menkaure
  4430 | D:4      | Found a bloodstained altar of Trog.
  4475 | D:4      | Identified the -1 pair of boots "Sejeumec" {Drain rF+ Str+4
                  | Dex+4}
  4656 | D:5      | Noticed Duvessa
  4667 | D:5      | Killed Duvessa
  4678 | D:5      | Killed Dowan
  4679 | D:5      | Gained mutation: You are partially covered in icy blue
                  | scales. (AC +2) [demonic ancestry]
  4679 | D:5      | Reached XP level 7. HP: 9/54 MP: 1/7
  5351 | D:5      | Reached XP level 8. HP: 20/61 MP: 2/8
  5607 | D:5      | Reached skill level 5 in Fighting
  5733 | D:5      | Noticed ytrimaz's ghost (novice DsTm)
  5734 | D:5      | Found a runed translucent door.
  5744 | D:5      | Identified the +4 ring mail "Xifuemid" {+Blink Will+ Str-2
                  | Int+3}
  5846 | D:5      | Reached skill level 1 in Shields
  6150 | D:4      | Killed Menkaure
  6294 | D:5      | Killed ytrimaz's ghost
  6374 | D:6      | Found a staircase to the Ecumenical Temple.
  6386 | Temple   | Entered the Ecumenical Temple
  6466 | Temple   | Became a worshipper of Hepliaklqana the Forgotten
  6511 | D:6      | Identified the ring of Democracy {Ice Str+9 Int-4 Slay+4}
  6563 | D:6      | Found a glowing drain.
  6580 | Sewer    | Entered a sewer
  6972 | Sewer    | Reached XP level 9. HP: 68/68 MP: 9/9
  7061 | Sewer    | Identified the +4 lajatang "Wudog" {vorpal, Int+3}
  7285 | D:6      | Reached skill level 1 in Invocations
  7672 | D:7      | Reached * piety under Hepliaklqana
  7696 | D:7      | Found a hide-covered altar of Uskayaw.
  7698 | D:7      | Identified the +7 falchion "Beetlebane" {vamp, Will++ Str+3
                  | Int+4 Dex-5}
  8388 | D:7      | Found a shimmering blue altar of Sif Muna.
  8652 | D:8      | Noticed a two-headed ogre
  8732 | D:8      | Paralysed by a hornet for 3 turns
  8744 | D:8      | Reached skill level 5 in Axes
  8744 | D:8      | Reached skill level 5 in Dodging
  8879 | D:8      | Reached ** piety under Hepliaklqana
  8880 | D:8      | Remembered your ancestor Plamen as a hexer
  8973 | D:8      | Reached skill level 5 in Evocations
  9227 | D:7      | Reached XP level 10. HP: 63/68 MP: 9/12
  9330 | D:8      | Killed a two-headed ogre
  9540 | D:8      | Reached skill level 5 in Shields
 10239 | D:9      | Noticed Erolcha
 10327 | D:9      | Reached skill level 5 in Armour
 10499 | D:9      | Reached skill level 5 in Throwing
 10537 | D:9      | Noticed a two-headed ogre
 10547 | D:9      | Killed a two-headed ogre
 10553 | D:9      | Reached skill level 5 in Invocations
 10570 | D:9      | Killed Erolcha
 10600 | D:9      | Reached *** piety under Hepliaklqana
 10722 | D:9      | Found a staircase to the Orcish Mines.
 10729 | D:9      | Identified the +4 barding of the Slightly Bent {rPois rC-
                  | Will+ Dex+5}
 11238 | D:10     | Entered Level 10 of the Dungeon
 11427 | D:10     | Gained mutation: Your demonic aura sometimes causes spilled
                  | blood to erupt in flames. [demonic ancestry]
 11427 | D:10     | Reached XP level 11. HP: 52/74 MP: 12/14
 11658 | D:10     | Found an ancient bone altar of Kikubaaqudgha.
 12399 | D:11     | Found a portal to a secret trove of treasure.
 12434 | D:11     | Found a staircase to the Lair.
 12808 | D:11     | Reached **** piety under Hepliaklqana
 12932 | D:11     | Noticed a five-headed hydra
 12944 | D:11     | Killed a five-headed hydra
 13175 | D:11     | Noticed a four-headed hydra
 13177 | D:11     | Noticed a seven-headed hydra
 13183 | D:11     | Killed a four-headed hydra
 13185 | D:11     | Killed a seven-headed hydra
 13808 | Lair:1   | Entered Level 1 of the Lair of Beasts
 14222 | Lair:1   | Noticed a four-headed hydra
 14229 | Lair:1   | Killed a four-headed hydra
 14307 | Lair:1   | Gained mutation: You are mostly covered in icy blue scales.
                  | (AC +3) [demonic ancestry]
 14307 | Lair:1   | Reached XP level 12. HP: 78/82 MP: 17/17
 14840 | Lair:1   | Reached ***** piety under Hepliaklqana
 14957 | Lair:1   | Identified a scroll of acquirement
 14958 | Lair:1   | Acquired 810 gold pieces
 15165 | Lair:2   | Noticed Harold
 15182 | Lair:2   | Killed Harold
 15206 | Lair:2   | Found a dark tunnel.
 15250 | Volcano  | Entered a volcano
 15431 | Volcano  | Noticed a two-headed ogre
 15431 | Volcano  | Noticed a two-headed ogre
 15432 | Volcano  | Noticed an ogre mage
 15437 | Volcano  | Killed a two-headed ogre
 15440 | Volcano  | Killed a two-headed ogre
 15441 | Volcano  | Killed an ogre mage
 15559 | Volcano  | Noticed a red draconian
 15559 | Volcano  | Noticed a two-headed ogre
 15559 | Volcano  | Noticed a two-headed ogre
 15569 | Volcano  | Killed a two-headed ogre
 15569 | Volcano  | Killed a two-headed ogre
 15772 | Volcano  | Killed a red draconian
 15995 | Volcano  | Noticed a two-headed ogre
 16000 | Volcano  | Killed a two-headed ogre
 16199 | Lair:2   | Found a hole to the Spider Nest.
 16883 | Lair:2   | Found a staircase to the Shoals.
 16992 | Lair:2   | Noticed a seven-headed hydra
 16998 | Lair:2   | Killed a seven-headed hydra
 17002 | Lair:2   | Reached XP level 13. HP: 89/89 MP: 19/19
 19024 | Lair:4   | Found a runed translucent door.
 19025 | Lair:4   | Found a staircase to the Slime Pits.
 19496 | Lair:4   | You fall into a shaft and drop 1 floor!
 19496 | Lair:5   | Entered Level 5 of the Lair of Beasts
 20089 | Lair:5   | Noticed a dire elephant
 20105 | Lair:5   | Killed a dire elephant
 20106 | Lair:5   | Gained mutation: Your demonic aura often causes spilled
                  | blood to erupt in flames. [demonic ancestry]
 20106 | Lair:5   | Reached XP level 14. HP: 70/98 MP: 20/20
 21455 | Lair:5   | Found a burning altar of Makhleb.
 21605 | Lair:5   | Reached skill level 10 in Fighting
 22008 | Lair:5   | Found a gateway to Hell.
 22543 | Lair:4   | Noticed Josephine
 22549 | Lair:4   | Killed Josephine
 23296 | Orc:1    | Entered Level 1 of the Orcish Mines
 23390 | Orc:1    | Reached ****** piety under Hepliaklqana
 23902 | Orc:2    | Entered Level 2 of the Orcish Mines
 24535 | Orc:2    | Found a staircase to the Elven Halls.
 24816 | Orc:2    | Found Intuorr's Jewellery Emporium.
 25955 | Orc:2    | Reached skill level 10 in Evocations
 26048 | Orc:2    | Gained mutation: Your touch may inflict irresistible damage
                  | on your foes. [demonic ancestry]
 26048 | Orc:2    | Reached XP level 15. HP: 105/105 MP: 21/21
 26062 | Orc:2    | Found Veopt's Distillery.
 26067 | Orc:2    | Found Pupsux's Assorted Antiques.
 26071 | Orc:2    | Bought a potion of curing for 39 gold pieces
 26071 | Orc:2    | Bought 2 potions of heal wounds for 130 gold pieces
 26074 | Orc:2    | Bought a scroll of identify for 74 gold pieces
 26074 | Orc:2    | Bought a scroll of identify for 74 gold pieces
 26074 | Orc:2    | Found Ytecouwn's Armour Shop.
 26125 | Orc:1    | Reached skill level 10 in Shields
 26769 | D:12     | Found a frozen archway.
 26809 | IceCv    | Entered an ice cave
 28912 | IceCv    | Identified the +10 falchion of the Poles {drain, Fly rF+
                  | Int+3 SInv}
 29812 | D:13     | Found a gate leading to a gauntlet.
 29818 | Gauntlet | Entered a Gauntlet
 29818 | Gauntlet | Found a transporter.
 29818 | Gauntlet | Found a transporter.
 29853 | Gauntlet | Found a transporter.
 29857 | Gauntlet | Found a transporter.
 29865 | Gauntlet | Found a transporter.
 29869 | Gauntlet | Found a transporter.
 29877 | Gauntlet | Found a transporter.
 29891 | Gauntlet | Found a runed translucent door.
 29893 | Gauntlet | Found a transporter.
 29895 | Gauntlet | Found a runed translucent door.
 29907 | Gauntlet | Found a transporter.
 29911 | Gauntlet | Found a transporter.
 29913 | Gauntlet | Found a runed translucent gate.
 29913 | Gauntlet | Found a runed translucent gate.
 29913 | Gauntlet | Found a runed translucent gate.
 29919 | Gauntlet | Found a transporter.
 29923 | Gauntlet | Found a transporter.
 30213 | Gauntlet | Identified the +2 helmet "Joosm" {Regen+ Slay+2}
 30513 | D:13     | Found a snail-covered altar of Cheibriados.
 30576 | D:13     | Acquired a +2 broad axe of venom
 30791 | D:14     | Noticed Nessos
 30791 | D:14     | Found a gate to the Vaults.
 30834 | D:13     | Noticed Urug
 30842 | D:13     | Killed Urug
 30935 | D:14     | Reached skill level 10 in Axes
 31010 | D:14     | Reached skill level 10 in Dodging
 31048 | D:14     | Killed Nessos
 31514 | D:15     | Entered Level 15 of the Dungeon
 31646 | D:15     | Reached skill level 10 in Throwing
 31659 | D:15     | Reached skill level 10 in Armour
 31860 | D:15     | Reached XP level 16. HP: 113/113 MP: 22/22
 31871 | D:15     | Found a staircase to the Depths.
 32363 | Elf:1    | Entered Level 1 of the Elven Halls
 32640 | Spider:1 | Entered Level 1 of the Spider Nest
 33281 | Spider:1 | Found a runed translucent door.
 33549 | Spider:2 | You fall into a shaft and drop 1 floor!
 33677 | Spider:2 | Identified the +6 flail of Okawaru's Regard {antimagic,
                  | rPois Dex+3}
 34879 | Spider:3 | Reached XP level 17. HP: 97/119 MP: 16/23
 35379 | Spider:4 | Entered Level 4 of the Spider Nest
 35391 | Spider:4 | Noticed Bai Suzhen
 35485 | Spider:4 | Killed Bai Suzhen
 36094 | Spider:4 | Noticed Asterion
 36395 | Spider:4 | Killed Asterion
 37288 | Spider:4 | Got a gossamer rune of Zot
 37437 | Shoals:1 | Entered Level 1 of the Shoals
 37672 | Shoals:1 | You fall into a shaft and drop 1 floor!
 38810 | Shoals:3 | Noticed Ilsuiw
 39032 | Shoals:4 | Entered Level 4 of the Shoals
 39032 | Shoals:4 | Found Bigou's Specific Store.
 39032 | Shoals:4 | Found Noge's General Store.
 39049 | Shoals:4 | Gained mutation: You sometimes gain power by taking damage.
                  | [demonic ancestry]
 39049 | Shoals:4 | Reached XP level 18. HP: 75/127 MP: 24/24
 39249 | Shoals:4 | HP: 6/127 [merfolk javelineer/silver javelin (23)]
 39249 | Shoals:4 | Hit by a silver javelin thrown by a merfolk javelineer

Illustrated notes

Levels and vault maps discovered:
D:1:      minmay_arrival_three_doors, layout_basic,
          shapermc_ecumenical_altar_mp_ritualfount, minmay_misc_feat_tiny,
          minivault_5, due_unseen_surprise
D:2:      minmay_general_purpose_star, layout_basic, kennysheep_generic_room_7
D:3:      cheibrodos_pilgrimage, layout_basic,
          nicolae_overflow_ecumenical_swirl, mainiacjoe_overflow_catwalk
D:4:      layout_rooms, lemuel_doored_altar, serial_aquarium,
          aquarium_bridge_square [aquarium_subvault_window,
          aquarium_subvault_bridge, aquarium_subvault_bridge,
          aquarium_subvault_balcony], aquarium_bridge_square
          [aquarium_subvault_wall, aquarium_subvault_window,
          aquarium_subvault_bridge, aquarium_subvault_bridge],
          aquarium_window_2, aquarium_window_corridor_1, aquarium_view_2e,
          aquarium_view_2d, aquarium_balcony_5b, uniq_menkaure
D:5:      layout_rooms, hellmonk_ghost_happy_afterlife, dk_noncrumbling_2,
          chequers_serial_rivers_micro_d, uniq_duvessa
D:6:      layout_cave_pools, minmay_temple_entry_trees,
          cheibrodos_sewer_entry_bend, minmay_misc_feat_room, moated_statue
D:7:      layout_gridville, mainiacjoe_overflow_swirl, grunt_ogre_cave,
          minmay_misc_feat_pillars
D:8:      layout_layer_cave
D:9:      layout_basic, erik_orc_4, uniq_erolcha
D:10:     layout_basic, tgw_kikubaaqudgha
D:11:     layout_loops_ring, david_lair_shrubbed, nicolae_trove_entry_diagonal
D:12:     layout_stronghold, portal_ice_cave_rime
D:13:     layout_basic, gauntlet_entry_generic, slow_altar_1, uniq_urug
D:14:     layout_long_grid, david_vaults_3
D:15:     hangedman_depths_entry_civil_slaughter, layout_loops_ring,
          minmay_misc_feat_enclosed
Temple:   eino_temple_scatter_basement
Lair:1:   layout_regular_city
Lair:2:   layout_regular_city, minmay_shoals_entry_beasts,
          spider_nest_entry_rubble, lightli_volcano_entry_magma_tube,
          uniq_harold
Lair:3:   layout_misc_corridors, cheibrodos_lair_lostbears
Lair:4:   layout_regular_city, slime_entry_2, infiniplex_staircase_pool_2,
          lemuel_fruit_tree, uniq_josephine
Lair:5:   evil_forest, layout_regular_city, st_stairs_5, uniq_nessos
Shoals:1: layout_shoals, nicolae_shoals_nymph_descending_staircase, uniq_roxanne
Shoals:2: layout_shoals
Shoals:3: layout_shoals, uniq_ilsuiw
Shoals:4: shoals_end_simple, layout_shoals, nicolae_specific_store
Spider:1: cheibrodos_spider_deadly_dance, nicolae_spider_moth_buddies
Spider:2: layout_spider_delve
Spider:3: layout_spider_delve, hangedman_spider_tarantella_strand
Spider:4: spider_rune_water, uniq_bai_suzhen, uniq_asterion
Orc:1:    layout_diamond_mine, serial_shops, shop, hangedman_minor_magic
Orc:2:    st_orc_elflike, layout_caves, hellmonk_bongcloud_opening,
          nicolae_orc_flooded_monolith
Elf:1:    eino_elf_arrival_sip, layout_gridlike, serial_shops, shop,
          hangedman_elf_disciples, nicolae_shop_overcharged_wands,
          minmay_shoptagon, grunt_megastairs_4

Skill      XL: |  1  2  3  4  5  6  7  8  9 10 11 12 13 14 15 16 17 |
---------------+----------------------------------------------------+-----
Axes           | 2 3 4 5 6 7 8 9 10 11 12 | 12.9
Dodging        | 2 3 4 5 6 7 8 9 10 11 | 11.7
Evocations     | 1 2 3 4 5 6 7 9 10 11 12 | 12.5
Armour         | 1 2 3 4 5 6 7 8 9 10 11 | 11.4
Throwing       | 1 2 3 4 5 6 7 8 9 10 11 | 11.4
Fighting       | 4 5 6 7 8 9 10 11 12 | 12.9
Shields        | 2 4 6 7 8 9 10 11 12 | 12.0
Invocations    | 3 5 7 8 |  8.0
Stealth        | |  4.5

Action                   |  1- 3 |  4- 6 |  7- 9 | 10-12 | 13-15 | 16-18 || total
-------------------------+-------+-------+-------+-------+-------+-------++-------
Melee: Hand axe          |    55 |    50 |       |       |       |       ||   105
       Touch             |     5 |    31 |    10 |       |       |       ||    46
       Punch             |     1 |     2 |     1 |       |       |       ||     4
       Short sword       |       |   122 |       |       |       |       ||   122
       Dagger            |       |       |   289 |    41 |    44 |       ||   374
       Falchion          |       |       |    81 |   361 |   833 |       ||  1275
       Broad axe         |       |       |       |       |   138 |   537 ||   675
       War axe           |       |       |       |       |    84 |       ||    84
Throw: Boomerang         |     4 |     1 |     6 |    14 |     5 |       ||    30
       Dart              |       |       |       |     8 |       |     2 ||    10
       Javelin           |       |       |       |       |       |     4 ||     4
Invok: Ancestor Life: He |       |       |     1 |       |       |       ||     1
       Recall Ancestor   |       |       |       |     2 |     4 |     5 ||    11
 Abil: Evoke Blink       |       |       |       |       |       |     2 ||     2
Evoke: Wand              |       |     1 |       |     2 |    13 |       ||    16
       Piece from Xom's  |       |       |       |       |     2 |       ||     2
       Condenser vane    |       |       |       |       |       |     1 ||     1
  Use: Scroll            |     1 |       |     2 |    20 |    23 |    11 ||    57
       Potion            |     1 |       |       |     2 |     4 |     5 ||    12
 Stab: Sleeping          |     3 |     7 |     4 |     4 |     4 |     4 ||    26
       Confused          |       |       |     1 |     8 |    17 |     8 ||    34
       Distracted        |       |       |     1 |     7 |    10 |    14 ||    32
       Paralysed         |       |       |       |       |    64 |    64 ||   128
Armor: Leather armour    |     8 |       |       |       |       |       ||     8
       Ring mail         |     5 |    89 |   127 |   221 |   640 |   307 ||  1389
       Plate armour      |       |       |       |     2 |       |       ||     2
Dodge: Dodged            |    37 |   129 |   185 |   262 |   626 |   338 ||  1577
Block: Kite shield       |       |       |   157 |   201 |       |       ||   358
       Tower shield      |       |       |       |    95 |  1220 |   609 ||  1924
       Reflection        |       |       |       |       |       |    16 ||    16

Table legend: (Time is in decaauts)
 A = Elapsed time spent in this place.
 B = Non-inter-level travel time spent in this place.
 C = Inter-level travel time spent in this place.
 D = Time resting spent in this place.
 E = Time spent auto-exploring this place.
 F = Levels seen in this place.
 G = Mean time per level.
                   A        B        C        D        E       F      G
               +--------+--------+--------+--------+--------+-----+--------+
         Total |  40622 |  38787 |   1835 |   2814 |  27897 |  36 | 1128.4 |
       Dungeon |  17034 |  15937 |   1097 |   1302 |  11538 |  15 | 1135.6 |
        Temple |     94 |     81 |     13 |      0 |     52 |   1 |   94.0 |
          Lair |   8993 |   8720 |    273 |    233 |   6901 |   5 | 1798.6 |
        Shoals |   2068 |   2037 |     31 |      0 |   1444 |   4 |  517.0 |
   Spider Nest |   4914 |   4639 |    275 |    285 |   3376 |   4 | 1228.5 |
  Orcish Mines |   3327 |   3183 |    144 |    951 |   1548 |   2 | 1663.5 |
   Elven Halls |     13 |     13 |      0 |      0 |      0 |   1 |   13.0 |
         Sewer |    604 |    604 |      0 |      0 |    327 |   1 |  604.0 |
      Ice Cave |   2248 |   2248 |      0 |      0 |   1724 |   1 | 2248.0 |
       Volcano |    800 |    800 |      0 |     43 |    625 |   1 |  800.0 |
      Gauntlet |    522 |    522 |      0 |      0 |    360 |   1 |  522.0 |
               +--------+--------+--------+--------+--------+-----+--------+

Top non-repeatable levels by time:
  Lair:5: 2804 daAuts
   IceCv: 2248 daAuts
Spider:4: 1954 daAuts
     D:3: 1888 daAuts
  Lair:3: 1878 daAuts
   Orc:1: 1852 daAuts
    D:11: 1846 daAuts
  Lair:2: 1628 daAuts
     D:8: 1574 daAuts
     D:5: 1572 daAuts
   Orc:2: 1475 daAuts
  Lair:1: 1390 daAuts
Spider:1: 1297 daAuts
  Lair:4: 1292 daAuts
     D:9: 1271 daAuts
